[ PARTIDA AOE2 · #473687338 ]
UnrankedCeltas vs Incas
Equipo del jugador · VICT
Equipo rival · DERR
[ ANÁLISIS DE REPETICIÓN · EXTRAÍDO DE LA PARTIDA GRABADA ]
Feudal
9:02
Castillos
23:09
Imperial
43:23
| APM promedio | 48.4 |
| APM pico | 101 |
| eAPM promedio | 27.5 |
| Aldeanos / militares | 284 / 651 |
Foco
⚔️ 52.9% · 🌾 47.1%
Woad Raider ×354 · Scout Cavalry ×149 · Archer ×53 · Mangonel ×34 · Trebuchet (Packed) ×20 · Militia ×19
Feudal
8:53
Castillos
23:06
Imperial
41:25
| APM promedio | 49.7 |
| APM pico | 90 |
| eAPM promedio | 27.9 |
| Aldeanos / militares | 278 / 265 |
Foco
⚔️ 44.3% · 🌾 55.7%
Unknown (2550) ×139 · Petard ×134 · Archer ×91 · Spearman ×20 · Mangonel ×10 · Trebuchet (Packed) ×4
Mapa de la partida
Recursos iniciales + cada clic de construcción. Líneas = muros · curvas = relieve. ◆ oro · ⬟ piedra · ● bayas · ✦ reliquia · ◌ hueco del cierre
Tu base· Abierta — hueco de 6t
Base de Puttsson· Abierta — hueco de 3t
Terreno inicial suavizado · ◌ = hueco del cierre detectado · pasá el cursor para detalles
Inputs por minuto
— Iris - - Puttsson
Build order — Iris
Primeras 150 de 912 acciones detectadas
| 0:00 | Crear | Villager (Male) |
| 0:01 | Crear | Villager (Male) |
| 0:01 | Crear | Villager (Male) |
| 0:01 | Crear | Villager (Male) |
| 0:02 | Crear | Villager (Male) |
| 0:03 | Construir | House |
| 0:05 | Construir | House |
| 1:28 | Crear | Villager (Male) |
| 1:57 | Crear | Villager (Male) |
| 1:57 | Crear | Villager (Male) |
| 1:57 | Crear | Villager (Male) |
| 2:24 | Crear | Villager (Male) |
| 2:24 | Crear | Villager (Male) |
| 2:27 | Construir | Lumber Camp |
| 2:48 | Crear | Villager (Male) |
| 3:03 | Crear | Villager (Male) |
| 3:45 | Crear | Villager (Male) |
| 3:45 | Crear | Villager (Male) |
| 3:45 | Crear | Villager (Male) |
| 3:45 | Crear | Villager (Male) |
| 3:46 | Crear | Villager (Male) |
| 3:49 | Construir | House |
| 4:32 | Construir | House |
| 4:41 | Construir | Mill |
| 5:02 | Crear | Villager (Male) |
| 5:02 | Crear | Villager (Male) |
| 5:05 | Crear | Villager (Male) |
| 5:11 | Crear | Villager (Male) |
| 5:20 | Crear | Villager (Male) |
| 5:20 | Crear | Villager (Male) |
| 5:36 | Crear | Villager (Male) |
| 6:16 | Investigar | Loom |
| 6:26 | Construir | Barracks |
| 6:52 | Investigar | Feudal Age |
| 6:52 | Investigar | Feudal Age |
| 7:16 | Crear | Militia |
| 7:16 | Crear | Militia |
| 7:16 | Crear | Militia |
| 7:30 | Crear | Militia |
| 7:30 | Crear | Militia |
| 7:43 | Construir | Mining Camp |
| 8:04 | Crear | Militia |
| 8:05 | Crear | Militia |
| 8:51 | Crear | Militia |
| 8:59 | Construir | Palisade Wall |
| 9:02 | Edad | Edad Feudal |
| 9:04 | Construir | Palisade Wall |
| 9:10 | Construir | Palisade Wall |
| 9:11 | Crear | Villager (Male) |
| 9:13 | Construir | Palisade Wall |
| 9:14 | Construir | Palisade Wall |
| 9:15 | Construir | Palisade Wall |
| 9:18 | Construir | Palisade Wall |
| 9:25 | Investigar | Man-at-Arms (upgrade) |
| 9:25 | Investigar | Man-at-Arms (upgrade) |
| 9:31 | Crear | Villager (Male) |
| 9:39 | Construir | House |
| 9:47 | Construir | House |
| 9:50 | Crear | Villager (Male) |
| 10:02 | Crear | Villager (Male) |
| 10:18 | Construir | Archery Range |
| 10:28 | Crear | Villager (Male) |
| 11:02 | Construir | Lumber Camp |
| 11:08 | Crear | Villager (Male) |
| 11:19 | Crear | Archer |
| 11:19 | Crear | Archer |
| 11:19 | Crear | Archer |
| 11:41 | Crear | Villager (Male) |
| 11:46 | Construir | Palisade Wall |
| 12:01 | Crear | Villager (Male) |
| 12:03 | Crear | Archer |
| 12:03 | Crear | Archer |
| 12:06 | Investigar | Double-Bit Axe |
| 12:17 | Construir | Blacksmith |
| 12:34 | Crear | Villager (Male) |
| 12:45 | Construir | Farm |
| 12:46 | Construir | Farm |
| 13:01 | Crear | Archer |
| 13:04 | Construir | House |
| 13:11 | Construir | Farm |
| 13:12 | Construir | Farm |
| 13:18 | Crear | Archer |
| 13:25 | Crear | Villager (Male) |
| 13:25 | Crear | Villager (Male) |
| 13:26 | Crear | Villager (Male) |
| 13:27 | Construir | Farm |
| 13:29 | Construir | Farm |
| 13:37 | Construir | Farm |
| 13:57 | Crear | Villager (Male) |
| 13:57 | Crear | Villager (Male) |
| 13:58 | Crear | Villager (Male) |
| 14:03 | Construir | Farm |
| 14:04 | Construir | Farm |
| 14:07 | Construir | Farm |
| 14:16 | Crear | Archer |
| 14:17 | Crear | Archer |
| 14:25 | Construir | House |
| 14:27 | Crear | Villager (Male) |
| 14:32 | Construir | House |
| 14:33 | Construir | House |
| 14:38 | Crear | Villager (Male) |
| 14:38 | Crear | Villager (Male) |
| 14:39 | Crear | Villager (Male) |
| 14:41 | Construir | Farm |
| 14:52 | Construir | House |
| 14:56 | Construir | House |
| 15:06 | Crear | Villager (Male) |
| 15:09 | Crear | Archer |
| 15:14 | Construir | Palisade Wall |
| 15:21 | Crear | Villager (Male) |
| 15:34 | Crear | Villager (Male) |
| 15:36 | Crear | Archer |
| 15:39 | Crear | Villager (Male) |
| 15:41 | Construir | Farm |
| 15:51 | Construir | House |
| 15:53 | Crear | Archer |
| 16:10 | Crear | Archer |
| 16:33 | Crear | Archer |
| 16:35 | Investigar | Fletching |
| 16:35 | Investigar | Fletching |
| 16:35 | Investigar | Fletching |
| 16:36 | Construir | Farm |
| 16:37 | Construir | Farm |
| 16:41 | Construir | Farm |
| 16:44 | Construir | Farm |
| 16:54 | Crear | Villager (Male) |
| 16:58 | Construir | Palisade Wall |
| 17:06 | Construir | Archery Range |
| 17:08 | Crear | Archer |
| 17:23 | Crear | Skirmisher |
| 17:29 | Crear | Villager (Male) |
| 17:29 | Crear | Villager (Male) |
| 17:30 | Crear | Villager (Male) |
| 17:30 | Crear | Villager (Male) |
| 17:41 | Crear | Skirmisher |
| 17:43 | Crear | Villager (Male) |
| 17:52 | Construir | Farm |
| 17:57 | Construir | Mining Camp |
| 17:58 | Crear | Villager (Male) |
| 18:06 | Crear | Skirmisher |
| 18:17 | Crear | Skirmisher |
| 18:17 | Crear | Skirmisher |
| 18:17 | Crear | Skirmisher |
| 18:19 | Crear | Villager (Male) |
| 18:36 | Crear | Skirmisher |
| 18:36 | Crear | Skirmisher |
| 19:17 | Crear | Skirmisher |
| 20:29 | Investigar | Castle Age |
| 20:30 | Investigar | Castle Age |
| 20:55 | Investigar | Gold Mining |
Build order — Puttsson
Primeras 150 de 728 acciones detectadas
| 0:00 | Crear | Villager (Male) ×4 |
| 0:02 | Construir | House |
| 0:02 | Construir | House |
| 1:23 | Crear | Villager (Male) |
| 1:24 | Crear | Villager (Male) |
| 1:55 | Construir | Settlement |
| 2:01 | Crear | Villager (Male) |
| 2:29 | Crear | Villager (Male) |
| 2:29 | Crear | Villager (Male) |
| 2:33 | Crear | Villager (Male) |
| 3:13 | Crear | Villager (Male) |
| 3:13 | Crear | Villager (Male) |
| 3:42 | Crear | Villager (Male) |
| 3:42 | Crear | Villager (Male) |
| 4:21 | Crear | Villager (Male) |
| 4:56 | Crear | Villager (Male) |
| 4:56 | Crear | Villager (Male) |
| 5:00 | Construir | Barracks |
| 5:11 | Crear | Villager (Male) |
| 5:23 | Crear | Villager (Male) |
| 5:52 | Crear | Villager (Male) |
| 6:16 | Investigar | Loom |
| 6:43 | Investigar | Feudal Age |
| 6:53 | Crear | Unit 2550 |
| 7:15 | Crear | Unit 2550 |
| 7:27 | Construir | Palisade Wall |
| 7:31 | Construir | Palisade Wall |
| 8:01 | Construir | Farm |
| 8:02 | Construir | Farm |
| 8:08 | Crear | Unit 2550 |
| 8:38 | Crear | Villager (Male) |
| 8:53 | Edad | Edad Feudal |
| 9:02 | Construir | Farm |
| 9:13 | Investigar | Tech 1402 |
| 9:19 | Crear | Villager (Male) |
| 9:32 | Construir | Settlement |
| 9:43 | Crear | Villager (Male) |
| 10:01 | Construir | Farm |
| 10:06 | Crear | Unit 2550 |
| 10:11 | Crear | Villager (Male) |
| 10:13 | Construir | Farm |
| 10:35 | Crear | Villager (Male) |
| 10:36 | Crear | Villager (Male) |
| 10:46 | Crear | Villager (Male) |
| 10:50 | Construir | Archery Range |
| 11:07 | Crear | Unit 2550 |
| 11:11 | Crear | Villager (Male) |
| 11:18 | Construir | Palisade Wall |
| 11:24 | Crear | Villager (Male) |
| 11:36 | Construir | Palisade Wall |
| 11:38 | Crear | Archer |
| 11:44 | Construir | Palisade Wall |
| 11:50 | Crear | Villager (Male) |
| 11:53 | Construir | House |
| 12:03 | Crear | Villager (Male) |
| 12:07 | Crear | Villager (Male) |
| 12:10 | Construir | House |
| 12:14 | Construir | Palisade Wall |
| 12:15 | Construir | Palisade Wall |
| 12:18 | Construir | Palisade Wall |
| 12:33 | Crear | Archer |
| 12:34 | Crear | Archer |
| 12:43 | Crear | Villager (Male) |
| 12:49 | Crear | Villager (Male) |
| 13:00 | Construir | Palisade Wall |
| 13:10 | Crear | Villager (Male) |
| 13:14 | Crear | Archer |
| 13:26 | Crear | Villager (Male) |
| 13:41 | Crear | Villager (Male) |
| 13:44 | Construir | Blacksmith |
| 13:59 | Crear | Archer |
| 13:59 | Crear | Villager (Male) |
| 14:07 | Crear | Villager (Male) |
| 14:19 | Crear | Villager (Male) |
| 14:23 | Construir | Palisade Wall |
| 14:33 | Investigar | Fletching |
| 14:44 | Construir | Palisade Wall |
| 14:47 | Construir | Settlement |
| 14:48 | Crear | Villager (Male) |
| 15:02 | Crear | Villager (Male) |
| 15:05 | Construir | Farm |
| 15:06 | Construir | Farm |
| 15:15 | Crear | Archer |
| 15:16 | Crear | Archer |
| 15:22 | Construir | Palisade Wall |
| 15:24 | Construir | House |
| 15:27 | Construir | Palisade Wall |
| 15:43 | Crear | Archer |
| 15:47 | Crear | Villager (Male) |
| 16:00 | Crear | Villager (Male) |
| 16:03 | Construir | Farm |
| 16:04 | Construir | Farm |
| 16:33 | Crear | Villager (Male) |
| 16:34 | Construir | Farm |
| 16:36 | Construir | Farm |
| 16:44 | Construir | Farm |
| 16:46 | Construir | Farm |
| 16:50 | Crear | Archer |
| 17:10 | Construir | House |
| 17:20 | Crear | Villager (Male) |
| 17:22 | Crear | Archer |
| 17:30 | Investigar | Double-Bit Axe |
| 17:30 | Investigar | Double-Bit Axe |
| 17:44 | Construir | Farm |
| 17:54 | Crear | Villager (Male) |
| 17:58 | Construir | Palisade Wall |
| 18:23 | Crear | Villager (Male) |
| 18:26 | Construir | Farm |
| 18:27 | Construir | Farm |
| 18:29 | Construir | Farm |
| 18:29 | Construir | Farm |
| 18:41 | Construir | Settlement |
| 19:26 | Crear | Villager (Male) |
| 19:26 | Crear | Villager (Male) |
| 19:28 | Construir | Market |
| 20:26 | Investigar | Castle Age |
| 20:28 | Construir | Farm |
| 20:30 | Construir | Farm |
| 20:35 | Crear | Unit 2550 |
| 20:36 | Crear | Unit 2550 |
| 20:47 | Investigar | Horse Collar |
| 20:48 | Investigar | Horse Collar |
| 20:52 | Crear | Archer |
| 20:55 | Construir | Archery Range |
| 21:07 | Crear | Unit 2550 |
| 21:42 | Construir | House |
| 21:45 | Investigar | Scale Mail Armor |
| 22:15 | Crear | Archer |
| 22:16 | Crear | Archer |
| 22:16 | Crear | Archer |
| 22:27 | Construir | Settlement |
| 22:33 | Construir | Farm |
| 22:35 | Crear | Archer |
| 22:36 | Crear | Archer |
| 22:37 | Investigar | Padded Archer Armor |
| 22:38 | Investigar | Padded Archer Armor |
| 22:41 | Crear | Unit 2550 |
| 22:41 | Crear | Unit 2550 |
| 22:45 | Construir | Palisade Wall |
| 22:50 | Construir | House |
| 22:55 | Construir | Palisade Wall |
| 23:06 | Edad | Edad de los Castillos |
| 23:10 | Investigar | Bodkin Arrow |
| 23:10 | Investigar | Crossbowman (upgrade) |
| 23:11 | Investigar | Crossbowman (upgrade) |
| 23:28 | Crear | Villager (Male) |
| 23:29 | Crear | Villager (Male) |
| 23:30 | Crear | Villager (Male) |
| 23:31 | Crear | Villager (Male) |
| 23:37 | Investigar | Bow Saw |
Cronología de la partida
| 5:00 | Puttsson · first_building Barracks |
| 6:26 | Iris · first_building Barracks |
| 7:27 | Puttsson · wall_segment Palisade Wall x1 |
| 7:31 | Puttsson · wall_segment Palisade Wall x1 |
| 8:53 | Puttsson · age_up feudal |
| 8:59 | Iris · wall_segment Palisade Wall x1 |
| 9:02 | Iris · age_up feudal |
| 9:04 | Iris · wall_segment Palisade Wall x1 |
| 9:10 | Iris · wall_segment Palisade Wall x2 |
| 9:13 | Iris · wall_segment Palisade Wall x1 |
| 9:14 | Iris · wall_segment Palisade Wall x1 |
| 9:15 | Iris · wall_segment Palisade Wall x1 |
| 9:18 | Iris · wall_segment Palisade Wall x1 |
| 10:18 | Iris · first_building Archery Range |
| 10:50 | Puttsson · first_building Archery Range |
| 11:18 | Puttsson · wall_segment Palisade Wall x15 |
| 11:36 | Puttsson · wall_segment Palisade Wall x3 |
| 11:44 | Puttsson · wall_segment Palisade Wall x1 |
| 11:46 | Iris · wall_segment Palisade Wall x1 |
| 12:14 | Puttsson · wall_segment Palisade Wall x1 |
| 12:15 | Puttsson · wall_segment Palisade Wall x1 |
| 12:18 | Puttsson · wall_segment Palisade Wall x1 |
| 13:00 | Puttsson · wall_segment Palisade Wall x1 |
| 14:23 | Puttsson · wall_segment Palisade Wall x3 |
| 14:44 | Puttsson · wall_segment Palisade Wall x4 |
| 15:14 | Iris · wall_segment Palisade Wall x6 |
| 15:22 | Puttsson · wall_segment Palisade Wall x1 |
| 15:27 | Puttsson · wall_segment Palisade Wall x1 |
| 16:58 | Iris · wall_segment Palisade Wall x14 |
| 17:58 | Puttsson · wall_segment Palisade Wall x1 |
| 22:45 | Puttsson · wall_segment Palisade Wall x1 |
| 22:55 | Puttsson · wall_segment Palisade Wall x3 |
| 23:06 | Puttsson · age_up castle |
| 23:09 | Iris · age_up castle |
| 23:41 | Puttsson · wall_segment Palisade Wall x1 |
| 24:28 | Puttsson · first_building Siege Workshop |
| 24:38 | Puttsson · wall_segment Palisade Wall x1 |
| 24:41 | Puttsson · wall_segment Palisade Wall x1 |
| 24:51 | Puttsson · first_market_buy 100 wood |
| 25:06 | Puttsson · first_market_sell 100 food |
| 25:11 | Iris · wall_segment Stone Wall x9 |
| 25:23 | Puttsson · wall_segment Palisade Wall x1 |
| 27:04 | Puttsson · wall_segment Palisade Wall x1 |
| 28:04 | Iris · first_building Siege Workshop |
| 29:32 | Iris · first_building Castle |
| 37:15 | Puttsson · first_building Castle |
| 39:54 | Iris · first_building Monastery |
| 40:13 | Iris · first_market_buy 100 food |
| 41:25 | Puttsson · age_up imperial |
| 41:25 | Puttsson · wall_segment Stone Wall x9 |
| 41:54 | Puttsson · wall_segment Stone Wall x16 |
| 43:23 | Iris · age_up imperial |
| 44:20 | Puttsson · wall_segment Stone Wall x1 |
| 44:22 | Puttsson · wall_segment Stone Wall x1 |
| 44:25 | Puttsson · wall_segment Stone Wall x1 |
| 44:26 | Puttsson · wall_segment Stone Wall x1 |
| 46:57 | Iris · first_market_sell 500 wood |
| 57:55 | Puttsson · wall_segment Stone Wall x1 |
| 58:01 | Puttsson · wall_segment Stone Wall x1 |
| 59:45 | Puttsson · wall_segment Stone Wall x1 |
| 62:51 | Iris · first_building Stable |
| 69:15 | Puttsson · resign |
[ ANÁLISIS IA · 1 CRÉDITO ]
¿Qué pasó realmente en esta partida?
Wolo.gg analiza cada decisión: build order, eco, micro, errores típicos por bracket. Análisis personalizado por WhatsApp o Discord en 30 segundos.
Guía civ
Celtas
Perfil
Jugador #20663822